[Event "ICC tourney 2315 (120 10)"]
[Site "Internet Chess Club"]
[Date "2021.01.17"]
[Round "3"]
[White "Goldenmaknae"]
[Black "CougarForest"]
[Result "1/2-1/2"]
[ICCResult "Game drawn by mutual agreement"]
[WhiteElo "1891"]
[BlackElo "1492"]
[Opening "Grünfeld with Bf4 & e3"]
[ECO "D93"]
[NIC "GI.07"]
[Time "11:02:04"]
[PlyCount "109"]
[TimeControl "7200+10"]

1. d4 Nf6 2. c4 g6 3. Nc3 d5 4. Nf3 Bg7 5. Bf4 O-O 6. e3 Be6 7. b3 c5 8.
Be2 Nc6 9. Rc1 cxd4 10. exd4 Ne4 11. c5 Qa5 12. Bd2 Nxd2 13. Qxd2 Bg4 14.
Nxd5 Qxd2+ 15. Kxd2 Bxf3 16. Bxf3 Rfd8 17. Ke1 Bxd4 18. Kf1 e6 19. Nc7 Rac8
20. Nb5 Bb2 21. Rb1 Bg7 22. Nd6 Rc7 23. Nxb7 Rxb7 24. Bxc6 Rc7 25. Be4 Rxc5
26. g3 Rd2 27. a4 a5 28. Kg2 f5 29. Bb7 Rcc2 30. Rhf1 Bd4 31. Rbc1 Rxf2+
32. Rxf2 Rxf2+ 33. Kh1 Rb2 34. Rc4 Rxb3 35. Bc8 Rb4 36. Bxe6+ Kg7 37. Rc7+
Kf6 38. Bd7 Kg5 39. Rc2 Rb1+ 40. Kg2 Rg1+ 41. Kf3 Rf1+ 42. Kg2 Rb1 43. Bb5
Rb2 44. Rxb2 Bxb2 45. Kf3 Bd4 46. h3 Kf6 47. Bc6 h5 48. Be8 Be5 49. g4
fxg4+ 50. hxg4 h4 51. Kg2 g5 52. Kh3 Bg3 53. Bb5 Ke5 54. Bc6 Kf4 55. Bb5 {
Game drawn by mutual agreement } 1/2-1/2

[Event "ICC tourney 2315 (120 10)"]
[Site "Internet Chess Club"]
[Date "2021.01.17"]
[Round "3"]
[White "FlowingMelody"]
[Black "Deveshc"]
[Result "0-1"]
[ICCResult "White checkmated"]
[WhiteElo "1356"]
[BlackElo "1529"]
[Opening "Sicilian: Richter-Rauzer, 6...e6"]
[ECO "B62"]
[NIC "SI.27"]
[Time "11:02:02"]
[PlyCount "148"]
[TimeControl "7200+10"]

1. e4 c5 2. Nf3 Nc6 3. d4 cxd4 4. Nxd4 Nf6 5. Nc3 d6 6. Bg5 e6 7. Be2 a6 8.
O-O Be7 9. Be3 O-O 10. f4 Bd7 11. Nb3 b5 12. a3 Rc8 13. Kh1 e5 14. f5 Na5
15. Nxa5 Qxa5 16. g4 Bc6 17. Bf3 Qd8 18. Rg1 Kh8 19. g5 Nd7 20. g6 fxg6 21.
fxg6 Nf6 22. gxh7 Bb7 23. Nd5 Nxd5 24. exd5 Qc7 25. Be4 Qc4 26. Qg4 Bf6 27.
Qg2 Qc7 28. Raf1 Qf7 29. Rd1 Rc4 30. Bg6 Qc7 31. Bd3 Rh4 32. Bg6 Qe7 33.
Rgf1 Rc4 34. Bd3 Rcc8 35. Rg1 Qf7 36. Bg6 Qe7 37. Bf5 Rce8 38. Be4 Qc7 39.
Rd3 Qe7 40. Bc1 Rc8 41. Rg3 Qf7 42. Be3 Rc4 43. Rd1 Qh5 44. Rf1 Qf7 45. Bf3
e4 46. Be2 Rxc2 47. Rf2 Bxd5 48. Bd1 Rxf2 49. Qxf2 Be5 50. Qxf7 Rxf7 51.
Rg1 Bf4 52. Bxf4 e3+ 53. Rg2 Bxg2+ 54. Kxg2 Rxf4 55. Kg3 Rf1 56. Be2 Rf2
57. Bd3 Rxb2 58. Kf3 Rxh2 59. Kxe3 Ra2 60. Bg6 Rxa3+ 61. Kd4 Ra4+ 62. Kd5
b4 63. Kxd6 b3 64. Kc5 b2 65. Kb6 Ra1 66. Kb7 a5 67. Kb6 a4 68. Kb5 a3 69.
Kb4 a2 70. Kb3 b1=Q+ 71. Bxb1 axb1=Q+ 72. Kc3 Ra3+ 73. Kd2 Qb2+ 74. Ke1
Ra1# { White checkmated } 0-1

[Event "ICC tourney 2315 (120 10)"]
[Site "Internet Chess Club"]
[Date "2021.01.17"]
[Round "3"]
[White "nikhilthota"]
[Black "Pifischer"]
[Result "1-0"]
[ICCResult "Black resigns"]
[WhiteElo "1844"]
[BlackElo "1952"]
[Opening "Réti: advance variation"]
[ECO "A09"]
[NIC "RE.16"]
[Time "11:02:04"]
[PlyCount "85"]
[TimeControl "7200+10"]

1. Nf3 d5 2. c4 d4 3. e3 c5 4. b4 f6 5. bxc5 e5 6. Ba3 Nc6 7. exd4 Nxd4 8.
Nc3 Qa5 9. Nxd4 exd4 10. Nb5 a6 11. Qe2+ Kf7 12. Qh5+ g6 13. Qd5+ Kg7 14.
c6 Bxa3 15. cxb7 Rb8 16. bxc8=Q Rxc8 17. Qd7+ Ne7 18. Nxa3 Qxa3 19. Be2
Rhd8 20. Qb7 d3 21. Bf3 Rxc4 22. O-O Qd6 23. Rfe1 Rc7 24. Qb3 Rdc8 25. g3
Qd4 26. Qa3 Nc6 27. Bxc6 Rxc6 28. Qe7+ Kh8 29. Rab1 R6c7 30. Qe6 Rc6 31.
Rb8 Rxe6 32. Rxc8+ Kg7 33. Rxe6 Qa1+ 34. Kg2 Qxa2 35. Rc7+ Kh6 36. Rxf6
Qd5+ 37. Kg1 Qe5 38. Rff7 Qe1+ 39. Kg2 Qe4+ 40. f3 Qe2+ 41. Kh3 Qe6+ 42. g4
Kg5 43. f4+ { Black resigns } 1-0

[Event "ICC tourney 2315 (120 10)"]
[Site "Internet Chess Club"]
[Date "2021.01.17"]
[Round "3"]
[White "clair"]
[Black "WizardY"]
[Result "1-0"]
[ICCResult "Black checkmated"]
[WhiteElo "1681"]
[BlackElo "1709"]
[Opening "Queen's pawn: London system"]
[ECO "A45"]
[NIC "QP.07"]
[Time "11:02:00"]
[PlyCount "69"]
[TimeControl "7200+10"]

1. d4 Nf6 2. Bf4 g6 3. Nc3 Bg7 4. e4 d5 5. Nb5 Na6 6. e5 Nd7 7. Qd2 O-O 8.
Bh6 c5 9. Bxg7 Kxg7 10. Nf3 Nc7 11. Nc3 e6 12. Be2 b6 13. O-O Bb7 14. Rfe1
cxd4 15. Qxd4 Nb8 16. a3 Nc6 17. Qf4 Qe7 18. Rad1 Rad8 19. Bf1 Ba6 20. Bxa6
Nxa6 21. Qa4 Qb7 22. Qg4 Nab8 23. Ne2 h5 24. Qg3 Qe7 25. Nf4 Kh8 26. Ng5
Qe8 27. Nxh5 gxh5 28. Qd3 f5 29. exf6 Qd7 30. Qg6 Na6 31. Qxh5+ Kg8 32.
Qg6+ Kh8 33. Re3 Ne5 34. Rh3+ Qh7 35. Qxh7# { Black checkmated } 1-0

[Event "ICC tourney 2315 (120 10)"]
[Site "Internet Chess Club"]
[Date "2021.01.17"]
[Round "3"]
[White "Onchis14"]
[Black "Boldmann"]
[Result "0-1"]
[ICCResult "White resigns"]
[WhiteElo "1900"]
[BlackElo "1756"]
[Opening "QGD: Albin counter-gambit"]
[ECO "D08"]
[NIC "QG.02"]
[Time "11:02:03"]
[PlyCount "132"]
[TimeControl "7200+10"]

1. d4 d5 2. c4 e5 3. e3 exd4 4. exd4 Nf6 5. Nf3 Nc6 6. Be2 Bb4+ 7. Bd2
Bxd2+ 8. Nbxd2 dxc4 9. Nxc4 O-O 10. O-O Nb4 11. Ne3 c6 12. Ne5 Nbd5 13. Bf3
Be6 14. a3 Rc8 15. Rc1 Nxe3 16. fxe3 Bd5 17. Nd3 Re8 18. Ne5 Re7 19. Qe1
Bxf3 20. Rxf3 Nd5 21. Qg3 f6 22. Ng4 Kh8 23. Rcf1 Qc7 24. Qh3 Rce8 25. Ne5
Rxe5 26. dxe5 Qxe5 27. Rf5 Qxe3+ 28. Qxe3 Rxe3 29. Kf2 Rb3 30. Re1 Rxb2+
31. Re2 Rxe2+ 32. Kxe2 Kg8 33. Kd3 Kf7 34. g3 Ke6 35. Rf2 g6 36. Re2+ Kd7
37. Kd4 b6 38. h3 h5 39. h4 a5 40. Rf2 Kd6 41. Re2 Kd7 42. Re4 Ne7 43. g4
hxg4 44. Rxg4 f5 45. Rg2 Kd6 46. Re2 f4 47. Ke4 Nf5 48. Rd2+ Ke6 49. Kxf4
Nxh4 50. Rc2 Kd5 51. Kg5 Nf3+ 52. Kxg6 Ne5+ 53. Kf6 Nc4 54. a4 b5 55. axb5
cxb5 56. Rc1 b4 57. Kf5 b3 58. Rd1+ Kc5 59. Ke4 a4 60. Rc1 b2 61. Re1 b1=Q+
62. Rxb1 Nd2+ 63. Kd3 Nxb1 64. Kc2 Na3+ 65. Kc3 Nb5+ 66. Kb2 Kb4 { White
resigns } 0-1

[Event "ICC tourney 2315 (120 10)"]
[Site "Internet Chess Club"]
[Date "2021.01.17"]
[Round "3"]
[White "TigerSahi"]
[Black "Sricharan07"]
[Result "0-1"]
[ICCResult "White resigns"]
[WhiteElo "1662"]
[BlackElo "1877"]
[Opening "King's Indian: Four pawns attack, dynamic line"]
[ECO "E76"]
[NIC "KI.31"]
[Time "11:02:12"]
[PlyCount "82"]
[TimeControl "7200+10"]

1. d4 Nf6 2. c4 g6 3. Nc3 Bg7 4. e4 d6 5. f4 O-O 6. Nf3 c5 7. d5 a6 8. Bd3
Ne8 9. Bd2 Nc7 10. O-O e6 11. dxe6 Bxe6 12. f5 Bc8 13. Qc1 Nc6 14. Bh6 f6
15. fxg6 hxg6 16. Bxg7 Kxg7 17. Qe1 Qe7 18. Qg3 Ne5 19. Nh4 g5 20. Be2 Rh8
21. Nf3 Bd7 22. Rad1 Raf8 23. Rd2 Bc6 24. Nxe5 fxe5 25. Rfd1 Ne8 26. Bg4 b5
27. cxb5 axb5 28. Nd5 Bxd5 29. Rxd5 Rf7 30. Bf3 Rh6 31. Kf2 Nc7 32. R5d2
Rf4 33. Ke3 Ne8 34. Be2 c4 35. a4 Qa7+ 36. Rd4 exd4+ 37. Rxd4 Rxe4+ 38.
Kxe4 Re6+ 39. Kf3 Qxd4 40. Qxg5+ Kf8 41. g3 Qe4+ { White resigns } 0-1

[Event "ICC tourney 2315 (120 10)"]
[Site "Internet Chess Club"]
[Date "2021.01.17"]
[Round "3"]
[White "mnm1"]
[Black "corviknight"]
[Result "0-1"]
[ICCResult "White checkmated"]
[WhiteElo "1508"]
[BlackElo "1821"]
[Opening "Scotch game"]
[ECO "C45"]
[NIC "SO.04"]
[Time "11:02:06"]
[PlyCount "112"]
[TimeControl "7200+10"]

1. e4 e5 2. Nf3 Nc6 3. d4 exd4 4. Nxd4 Qf6 5. Be3 Bc5 6. c3 Nge7 7. Bc4 Ne5
8. Bb3 Qg6 9. O-O O-O 10. f4 Qxe4 11. Re1 N5c6 12. Nd2 Qg6 13. Bc2 f5 14.
Nxf5 Nxf5 15. Bxc5 d6 16. Bf2 Bd7 17. Qe2 Rae8 18. Qc4+ Be6 19. Rxe6 Qxe6
20. Qxe6+ Rxe6 21. Bb3 Re8 22. Re1 Nd8 23. Nf3 Kf8 24. Bxe6 Nxe6 25. g4 Nh6
26. f5 Nf4 27. Rxe8+ Kxe8 28. Be3 Nd3 29. Bxh6 gxh6 30. b4 c5 31. a3 Nc1
32. bxc5 dxc5 33. Kf2 Na2 34. c4 a6 35. Ne5 b5 36. cxb5 axb5 37. Nd3 c4 38.
Nb4 Nxb4 39. axb4 Kf7 40. Ke2 Kf6 41. h4 h5 42. gxh5 h6 43. Kd2 Kxf5 44.
Kc3 Kg4 45. Kd4 Kxh4 46. Kc3 Kxh5 47. Kd4 Kg4 48. Kc3 h5 49. Kd4 h4 50. Kc3
h3 51. Kd4 h2 52. Kc3 h1=Q 53. Kc2 Qf3 54. Kd2 c3+ 55. Kc2 Qe3 56. Kd1 Qd2#
{ White checkmated } 0-1

[Event "ICC tourney 2315 (120 10)"]
[Site "Internet Chess Club"]
[Date "2021.01.17"]
[Round "3"]
[White "ibalek"]
[Black "Ethan719"]
[Result "0-1"]
[ICCResult "White forfeits on time"]
[WhiteElo "1652"]
[BlackElo "1826"]
[Opening "Sicilian: Kan, 5.Nc3"]
[ECO "B43"]
[NIC "SI.41"]
[Time "11:02:34"]
[PlyCount "54"]
[TimeControl "7200+10"]

1. e4 c5 2. Nf3 e6 3. d4 cxd4 4. Nxd4 a6 5. Nc3 Qc7 6. Bd3 Nf6 7. f4 Bc5 8.
Nb3 Ba7 9. Qe2 d6 10. Be3 Bxe3 11. Qxe3 Nc6 12. a3 b6 13. O-O-O Bb7 14. Qe2
Nd7 15. g4 Nc5 16. Qe3 Nxd3+ 17. Rxd3 O-O-O 18. Na4 b5 19. Nb6+ Kb8 20. a4
Nb4 21. Rd2 Rhe8 22. Na5 d5 23. Nxb7 Kxb7 24. a5 d4 25. Qb3 Nc6 26. Qa3
Qxf4 27. Qc5 Qd6 { White forfeits on time } 0-1

[Event "ICC tourney 2315 (120 10)"]
[Site "Internet Chess Club"]
[Date "2021.01.17"]
[Round "3"]
[White "sunnyjingxu"]
[Black "Yamato1945"]
[Result "0-1"]
[ICCResult "White resigns"]
[WhiteElo "1711"]
[BlackElo "1397"]
[Opening "Caro-Kann: classical variation"]
[ECO "B18"]
[NIC "CK.10"]
[Time "11:02:13"]
[PlyCount "154"]
[TimeControl "7200+10"]

1. e4 c6 2. d4 d5 3. Nc3 dxe4 4. Nxe4 Bf5 5. Ng3 Bg6 6. Nf3 Nd7 7. Bc4 e6
8. O-O Ngf6 9. Bf4 Be7 10. Nh4 Nb6 11. Nxg6 hxg6 12. Bb3 Nfd5 13. Bd2 Bd6
14. Qf3 Qh4 15. h3 Qxd4 16. Ne4 Qe5 17. Nxd6+ Qxd6 18. c4 Nf6 19. Bc3 Nh5
20. Rad1 Qc7 21. Rfe1 Nd7 22. Bb4 c5 23. Bc3 Nhf6 24. Ba4 O-O-O 25. Bc2 Rh5
26. Rb1 Ne5 27. Qf4 Nd3 28. Qxc7+ Kxc7 29. Re3 Nb4 30. Bb3 g5 31. Rf3 Rh6
32. a3 Nc6 33. Bc2 Nd4 34. Bxd4 Rxd4 35. b3 Rdh4 36. Kf1 g4 37. hxg4 Rxg4
38. Ke2 Rxg2 39. Rd1 Rgh2 40. Rg1 Kd7 41. Rxg7 Ke7 42. Rg1 R2h3 43. Rxh3
Rxh3 44. Rg7 Kf8 45. Rg1 Nh5 46. Rf1 Nf4+ 47. Kd1 Rf3 48. Ke1 e5 49. Bd1
Nd3+ 50. Ke2 e4 51. Bc2 f5 52. Bxd3 Rxd3 53. Rb1 b6 54. b4 Rxa3 55. bxc5
bxc5 56. Rb5 f4 57. Rxc5 Ra2+ 58. Ke1 f3 59. Re5 Re2+ 60. Kf1 Rc2 61. Rxe4
Rc1+ 62. Re1 Rxe1+ 63. Kxe1 a5 64. Kd2 Ke7 65. Kc3 Kd6 66. Kd4 Kc6 67. c5
a4 68. Kc4 a3 69. Kb3 Kxc5 70. Kxa3 Kc4 71. Kb2 Kd3 72. Kc1 Ke2 73. Kc2
Kxf2 74. Kd2 Kg2 75. Ke1 f2+ 76. Ke2 f1=Q+ 77. Ke3 Qf2+ { White resigns }
0-1

[Event "ICC tourney 2315 (120 10)"]
[Site "Internet Chess Club"]
[Date "2021.01.17"]
[Round "3"]
[White "helenasd"]
[Black "kittycat35"]
[Result "0-1"]
[ICCResult "White checkmated"]
[WhiteElo "1633"]
[BlackElo "1696"]
[Opening "Ruy Lopez: closed, Chigorin defense"]
[ECO "C97"]
[NIC "RL.23"]
[Time "11:02:06"]
[PlyCount "94"]
[TimeControl "7200+10"]

1. e4 e5 2. Nf3 Nc6 3. Bb5 a6 4. Ba4 Nf6 5. O-O Be7 6. Re1 b5 7. Bb3 d6 8.
h3 O-O 9. c3 Na5 10. Bc2 c5 11. d4 Qc7 12. d5 Bd7 13. Nbd2 h6 14. Nf1 Nc4
15. b3 Nb6 16. Ng3 c4 17. Bd2 a5 18. Qc1 Kh7 19. Nh4 Ng8 20. Nhf5 Bxf5 21.
Nxf5 Bf6 22. f4 Ne7 23. fxe5 Bxe5 24. Rf1 Nxf5 25. exf5 f6 26. Be4 cxb3 27.
axb3 Rfc8 28. b4 a4 29. Rf3 Nc4 30. Bf4 Bxf4 31. Rxf4 Ne5 32. Ra3 Qb6+ 33.
Kh1 Rc4 34. Bb1 Rac8 35. Rxc4 Nxc4 36. Ra1 Qb7 37. Be4 Re8 38. Qc2 Nb6 39.
Qd3 Re5 40. Rd1 Nc4 41. Qf3 Qe7 42. Bd3 Nb2 43. Rf1 Re3 44. Qf2 Nxd3 45.
Qc2 Qe4 46. c4 Re2 47. Qc3 Qxg2# { White checkmated } 0-1

[Event "ICC tourney 2315 (120 10)"]
[Site "Internet Chess Club"]
[Date "2021.01.17"]
[Round "3"]
[White "chessisthebest1"]
[Black "jmwgroff"]
[Result "1/2-1/2"]
[ICCResult "Game drawn because neither player has mating material"]
[WhiteElo "1812"]
[BlackElo "1894"]
[Opening "Caro-Kann: Tartakower (Nimzovich) variation"]
[ECO "B15"]
[NIC "CK.06"]
[Time "11:02:06"]
[PlyCount "185"]
[TimeControl "7200+10"]

1. e4 c6 2. d4 d5 3. Nc3 dxe4 4. Nxe4 Nf6 5. Nxf6+ exf6 6. c3 Bd6 7. Bd3
O-O 8. Ne2 Re8 9. O-O Nd7 10. Bf4 Nf8 11. Bxd6 Qxd6 12. Qc2 Bg4 13. Ng3
Rad8 14. h3 Bc8 15. Rfe1 b6 16. Rxe8 Rxe8 17. Qd2 Rd8 18. Rd1 g6 19. Bc2 f5
20. Ne2 a5 21. h4 h5 22. g3 b5 23. a3 a4 24. Nf4 Be6 25. Nd3 Bd5 26. Re1
Be4 27. Nf4 Bxc2 28. Qxc2 Nd7 29. Nd3 Nf6 30. Nc5 Rc8 31. Qc1 Nd5 32. Re5
f4 33. Qe1 fxg3 34. fxg3 Kg7 35. Kh2 Nf6 36. Re7 Ng4+ 37. Kg1 Kg8 38. Rd7
Qf8 39. Qe7 Re8 40. Qxf8+ Kxf8 41. Rc7 Re1+ 42. Kg2 Re2+ 43. Kg1 Rxb2 44.
Rxc6 Ne3 45. Ne4 Rg2+ 46. Kh1 Ra2 47. Nd6 Rxa3 48. Nxb5 Ra1+ 49. Kh2 a3 50.
Ra6 a2 51. c4 Nxc4 52. Nc3 Rc1 53. Nxa2 Rc2+ 54. Kh1 Ne3 55. Ra3 Nf5 56.
Nb4 Rc4 57. Na6 Nxd4 58. Kg2 Rc2+ 59. Kf1 Nf5 60. Nb4 Rd2 61. Na6 Ke7 62.
Nc5 Nh6 63. Ne4 Rc2 64. Nf2 Ke6 65. Rf3 Nf5 66. Kg2 Ke5 67. Rf4 Rc3 68. Rf3
Rc2 69. Rf4 Nh6 70. Re4+ Kd5 71. Rf4 f5 72. Kg1 Ng8 73. Ra4 Rc6 74. Ra5+
Kd4 75. Ra4+ Ke5 76. Ra5+ Kf6 77. Kg2 Ne7 78. Nd3 Nc8 79. Rc5 Rxc5 80. Nxc5
Nd6 81. Kf3 Nc4 82. Nd3 Nd2+ 83. Ke3 Ne4 84. Kf4 g5+ 85. hxg5+ Nxg5 86. Ke3
Ne6 87. Nf4 Nxf4 88. Kxf4 Kg6 89. Ke3 Kg5 90. Kf3 h4 91. gxh4+ Kxh4 92. Kf4
Kh5 93. Kxf5 { Game drawn because neither player has mating material }
1/2-1/2

[Event "ICC tourney 2315 (120 10)"]
[Site "Internet Chess Club"]
[Date "2021.01.17"]
[Round "3"]
[White "geowhiz27"]
[Black "raschess"]
[Result "1-0"]
[ICCResult "Black forfeits on time"]
[WhiteElo "1667"]
[BlackElo "1829"]
[Opening "French: advance, Wade variation"]
[ECO "C02"]
[NIC "FR.03"]
[Time "11:02:03"]
[PlyCount "121"]
[TimeControl "7200+10"]

1. e4 e6 2. d4 d5 3. e5 c5 4. c3 Bd7 5. Nf3 Qb6 6. a3 Bb5 7. Bd3 Bxd3 8.
Qxd3 Ne7 9. b4 cxd4 10. cxd4 Nf5 11. Nc3 Qd8 12. O-O Nc6 13. Bb2 Be7 14.
Na4 O-O 15. Rac1 Qe8 16. Nc5 b6 17. Nb3 Qd7 18. Rfe1 Rac8 19. h3 Rc7 20. b5
Na5 21. Rxc7 Qxc7 22. Nxa5 bxa5 23. Rc1 Qd7 24. a4 Bb4 25. Qc2 g6 26. Qc7
Rd8 27. Rc6 Ne7 28. Qxd7 Rxd7 29. Rc2 Rd8 30. Bc1 Nc8 31. Rc7 Nb6 32. Rxa7
Nxa4 33. Rb7 Nc3 34. Bd2 Rc8 35. b6 Nb5 36. Bxb4 axb4 37. Nd2 Nxd4 38. Rc7
Rb8 39. b7 Kg7 40. Kf1 b3 41. Ke1 b2 42. Kd1 Nb5 43. Rc2 Rxb7 44. Rxb2 Nc3+
45. Kc2 Rxb2+ 46. Kxb2 Nd1+ 47. Kc2 Nxf2 48. Nf3 Ne4 49. Nd4 g5 50. Kd3 Kg6
51. Ke3 Ng3 52. Kf3 Nf5 53. Ne2 Nh4+ 54. Kg4 h5+ 55. Kg3 Kf5 56. Kf2 Kxe5
57. Ng3 d4 58. Nxh5 Kf5 59. Ng3+ Kg6 60. Ne4 f5 61. Nc5 { Black forfeits on
time } 1-0

[Event "ICC tourney 2315 (120 10)"]
[Site "Internet Chess Club"]
[Date "2021.01.17"]
[Round "4"]
[White "VincentT2008"]
[Black "Onchis14"]
[Result "1-0"]
[ICCResult "Black resigns"]
[WhiteElo "1726"]
[BlackElo "1900"]
[Opening "Grünfeld: exchange variation"]
[ECO "D85"]
[NIC "GI.03"]
[Time "16:25:29"]
[PlyCount "27"]
[TimeControl "7200+10"]

1. d4 Nf6 2. c4 g6 3. Nc3 d5 4. cxd5 Nxd5 5. Bd2 Bg7 6. e4 Nxc3 7. Bxc3 c5
8. d5 Bxc3+ 9. bxc3 Qa5 10. Qd2 Nd7 11. Nf3 b6 12. Be2 Ba6 13. c4 b5 14.
Qxa5 { Black resigns } 1-0

[Event "ICC tourney 2315 (120 10)"]
[Site "Internet Chess Club"]
[Date "2021.01.17"]
[Round "4"]
[White "JunlinTheWorld"]
[Black "Yamato1945"]
[Result "1-0"]
[ICCResult "Black checkmated"]
[WhiteElo "1837"]
[BlackElo "1397"]
[Opening "English opening"]
[ECO "A20"]
[NIC "EO.24"]
[Time "16:16:38"]
[PlyCount "65"]
[TimeControl "7200+10"]

1. c4 e5 2. g3 c6 3. Bg2 d5 4. d4 e4 5. Nc3 Nf6 6. Bg5 Be7 7. e3 h6 8. Bxf6
Bxf6 9. Nge2 Nd7 10. cxd5 cxd5 11. Nxd5 Qa5+ 12. Ndc3 Qf5 13. Nxe4 Qa5+ 14.
N2c3 Be7 15. O-O h5 16. h4 f6 17. d5 g5 18. d6 Bd8 19. hxg5 fxg5 20. Qd5
Qb6 21. Qe6+ Kf8 22. Nd5 Qxb2 23. Qf5+ Nf6 24. Qxg5 Nxe4 25. Qxd8+ Kf7 26.
Qe7+ Kg8 27. Bxe4 Rh6 28. d7 Bxd7 29. Qxd7 Kh8 30. Rab1 Qe5 31. Rxb7 h4 32.
f4 Qxe4 33. Qg7# { Black checkmated } 1-0

[Event "ICC tourney 2315 (120 10)"]
[Site "Internet Chess Club"]
[Date "2021.01.17"]
[Round "4"]
[White "awakeflood"]
[Black "ChessPlayer2005"]
[Result "1-0"]
[ICCResult "Black resigns"]
[WhiteElo "1804"]
[BlackElo "1858"]
[Opening "Giuoco Piano"]
[ECO "C50"]
[NIC "IG.02"]
[Time "16:16:35"]
[PlyCount "69"]
[TimeControl "7200+10"]

1. e4 e5 2. Nf3 Nc6 3. Bc4 Bc5 4. O-O Nf6 5. d4 Bxd4 6. Nxd4 Nxd4 7. f4 d6
8. fxe5 dxe5 9. Bg5 Bg4 10. Bxf6 Bxd1 11. Bxd8 Rxd8 12. Bxf7+ Ke7 13. Na3
Bxc2 14. Nxc2 Nxc2 15. Rac1 Rd2 16. Bb3 Ne3 17. Rf2 Rd7 18. h3 b5 19. Re2
Nc4 20. Bxc4 bxc4 21. Rxc4 Rc8 22. Rec2 Kd8 23. Rc5 Re7 24. Rd5+ Ke8 25.
Rcc5 Rb8 26. b3 Rb4 27. Rxe5 Rxe4 28. Rxe4 Rxe4 29. Rxc7 Re7 30. Rxe7+ Kxe7
31. Kf2 Kd6 32. Ke3 Kc5 33. a3 a6 34. Ke4 h6 35. Ke5 { Black resigns } 1-0

[Event "ICC tourney 2315 (120 10)"]
[Site "Internet Chess Club"]
[Date "2021.01.17"]
[Round "4"]
[White "JGroder"]
[Black "gmcarebear999"]
[Result "0-1"]
[ICCResult "White checkmated"]
[WhiteElo "1790"]
[BlackElo "1834"]
[Opening "Sicilian: dragon, Yugoslav attack, 9.Bc4"]
[ECO "B77"]
[NIC "SI.18"]
[Time "16:16:35"]
[PlyCount "100"]
[TimeControl "7200+10"]

1. e4 c5 2. Nf3 d6 3. d4 cxd4 4. Nxd4 Nf6 5. Nc3 g6 6. Be3 Bg7 7. f3 O-O 8.
Qd2 Nc6 9. Bc4 Ne5 10. Bb3 Bd7 11. O-O-O Rc8 12. g4 b5 13. Bh6 Bxh6 14.
Qxh6 a5 15. h4 a4 16. Bd5 b4 17. Nce2 e6 18. Bb7 Rb8 19. Ba6 Qa5 20. Bd3 b3
21. a3 bxc2 22. Rd2 Qb6 23. Rxc2 Nxd3+ 24. Kd2 Bb5 25. h5 Ne5 26. hxg6 fxg6
27. Nxe6 Rf7 28. N2f4 Nxf3+ 29. Kc1 Qe3+ 30. Kb1 Nd2+ 31. Ka1 Nb3+ 32. Ka2
Qxe4 33. Rc7 Rxc7 34. Nxc7 Qe7 35. g5 Qxc7 36. gxf6 Qf7 37. Nd5 Nd4 38. b3
Nf5 39. Qh2 axb3+ 40. Kb2 Re8 41. Rg1 Re2+ 42. Qxe2 Bxe2 43. Nc3 Ba6 44.
Ne4 d5 45. Rxg6+ hxg6 46. Ng5 Qxf6+ 47. Kb1 Bd3+ 48. Kc1 Qc3+ 49. Kd1 Qc2+
50. Ke1 Qe2# { White checkmated } 0-1

[Event "ICC tourney 2315 (120 10)"]
[Site "Internet Chess Club"]
[Date "2021.01.17"]
[Round "4"]
[White "Niteshc"]
[Black "clair"]
[Result "1/2-1/2"]
[ICCResult "Game drawn by mutual agreement"]
[WhiteElo "1672"]
[BlackElo "1681"]
[Opening "Robatsch defense"]
[ECO "B06"]
[NIC "KF.05"]
[Time "16:16:29"]
[PlyCount "59"]
[TimeControl "7200+10"]

1. e4 g6 2. d4 Bg7 3. Nc3 e6 4. f4 Ne7 5. Nf3 d5 6. e5 b6 7. Bd3 Ba6 8. Be3
O-O 9. O-O Bxd3 10. cxd3 Nd7 11. Rc1 Rc8 12. Bf2 c5 13. Nb5 a6 14. Nd6 Rc6
15. Bh4 f6 16. g4 Nc8 17. Nxc8 Qxc8 18. Kh1 Bh6 19. g5 fxg5 20. Bxg5 Bxg5
21. Nxg5 cxd4 22. Nxe6 Rxc1 23. Qxc1 Qxc1 24. Rxc1 Re8 25. Nc7 Rc8 26. e6
Nf6 27. f5 gxf5 28. Rg1+ Kf8 29. Nxa6 Ng4 30. Nb4 { Game drawn by mutual
agreement } 1/2-1/2

[Event "ICC tourney 2315 (120 10)"]
[Site "Internet Chess Club"]
[Date "2021.01.17"]
[Round "4"]
[White "Pifischer"]
[Black "geowhiz27"]
[Result "0-1"]
[ICCResult "White resigns"]
[WhiteElo "1952"]
[BlackElo "1667"]
[Opening "French: Burn variation"]
[ECO "C11"]
[NIC "FR.05"]
[Time "16:17:15"]
[PlyCount "66"]
[TimeControl "7200+10"]

1. e4 e6 2. d4 d5 3. Nc3 Nf6 4. Bg5 dxe4 5. Nxe4 Be7 6. Nxf6+ Bxf6 7. Be3
c5 8. Nf3 Nc6 9. Bb5 Qa5+ 10. Qd2 Qxb5 11. dxc5 O-O 12. c3 Rd8 13. a4 Qc4
14. Qe2 Bxc3+ 15. Kf1 Qxe2+ 16. Kxe2 Bxb2 17. Rab1 Nd4+ 18. Kf1 Nxf3 19.
Rxb2 Rd1+ 20. Ke2 Rxh1 21. Kxf3 Bd7 22. Kg3 Bc6 23. Rd2 Rg1 24. f3 Ra1 25.
Rd4 Rxa4 26. Rd6 h6 27. Bd4 Rc4 28. Kf2 a5 29. Ke3 a4 30. Kd3 Rb4 31. Kc3
Rb5 32. Kc4 a3 33. Ba1 Rb1 { White resigns } 0-1

[Event "ICC tourney 2315 (120 10)"]
[Site "Internet Chess Club"]
[Date "2021.01.17"]
[Round "4"]
[White "ybabji"]
[Black "alexdora"]
[Result "1-0"]
[ICCResult "Black resigns"]
[WhiteElo "1873"]
[BlackElo "1950"]
[Opening "Sicilian: Alapin's variation (2.c3)"]
[ECO "B22"]
[NIC "SI.46"]
[Time "16:17:23"]
[PlyCount "61"]
[TimeControl "7200+10"]

1. e4 c5 2. c3 d5 3. exd5 Qxd5 4. Nf3 Nc6 5. d4 cxd4 6. cxd4 Bg4 7. Be2 e6
8. Nc3 Qd6 9. O-O Nf6 10. h3 Bh5 11. Be3 Be7 12. Qb3 Qb4 13. Qxb4 Bxb4 14.
a3 Be7 15. Rfd1 Rd8 16. Rac1 O-O 17. g4 Bg6 18. Ne5 Nb8 19. h4 h6 20. g5
hxg5 21. hxg5 Nh7 22. Nxg6 fxg6 23. f4 Bd6 24. Rf1 Nc6 25. Bc4 Nxd4 26.
Rcd1 Bc5 27. Kg2 Bb6 28. Bxd4 Bxd4 29. Bxe6+ Kh8 30. Rh1 Rxf4 31. Rxh7+ {
Black resigns } 1-0

[Event "ICC tourney 2315 (120 10)"]
[Site "Internet Chess Club"]
[Date "2021.01.17"]
[Round "4"]
[White "FL2009"]
[Black "joeandjoe56"]
[Result "0-1"]
[ICCResult "White resigns"]
[WhiteElo "1863"]
[BlackElo "1722"]
[Opening "Giuoco Piano"]
[ECO "C54"]
[NIC "IG.02"]
[Time "16:17:23"]
[PlyCount "88"]
[TimeControl "7200+10"]

1. e4 e5 2. Nf3 Nc6 3. Bc4 Bc5 4. c3 Nf6 5. d4 exd4 6. e5 d5 7. Bb5 Ne4 8.
cxd4 Bb6 9. Nc3 O-O 10. Bxc6 bxc6 11. O-O Bg4 12. Be3 f5 13. exf6 Qxf6 14.
Nxe4 dxe4 15. Qb3+ Be6 16. Bg5 Bxb3 17. Bxf6 Rxf6 18. Ne5 Bxd4 19. Nd7 Bd5
20. Nxf6+ Bxf6 21. Rfe1 Bxb2 22. Rad1 Rf8 23. Re3 a5 24. h3 a4 25. a3 Rb8
26. Rb1 Rb5 27. Re2 Bxa3 28. Ra1 Bd6 29. g3 a3 30. Rd2 Rb2 31. Rdd1 a2 32.
Rf1 Be5 33. Rfd1 Rc2 34. Rac1 Rxc1 35. Rxc1 a1=Q 36. Rxa1 Bxa1 37. Kh2 Be5
38. Kg1 c5 39. Kf1 c4 40. Ke2 c3 41. Kd1 Bb3+ 42. Kc1 Bd4 43. h4 Bxf2 44.
Kb1 e3 { White resigns } 0-1

[Event "ICC tourney 2315 (120 10)"]
[Site "Internet Chess Club"]
[Date "2021.01.17"]
[Round "4"]
[White "imranchamp"]
[Black "pracheth18"]
[Result "1/2-1/2"]
[ICCResult "Game drawn by mutual agreement"]
[WhiteElo "1826"]
[BlackElo "1733"]
[Opening "French: exchange, Svenonius variation"]
[ECO "C11"]
[NIC "FR.04"]
[Time "16:16:34"]
[PlyCount "69"]
[TimeControl "7200+10"]

1. e4 e6 2. d4 d5 3. Nc3 Nf6 4. exd5 exd5 5. Bg5 Be6 6. Nf3 Bd6 7. Bd3 c6
8. O-O Nbd7 9. Re1 O-O 10. Ne2 h6 11. Bf4 Bxf4 12. Nxf4 Bg4 13. h3 Bxf3 14.
Qxf3 Qb6 15. c3 Qxb2 16. Reb1 Qa3 17. Rxb7 Rfb8 18. c4 g6 19. Rxb8+ Rxb8
20. cxd5 cxd5 21. Nxd5 Nxd5 22. Qxd5 Qxd3 23. Qxd7 Rb1+ 24. Rxb1 Qxb1+ 25.
Kh2 Qxa2 26. f3 a5 27. d5 a4 28. d6 Qd2 29. Qe8+ Kg7 30. d7 Qf4+ 31. Kg1
Qc1+ 32. Kf2 Qc5+ 33. Ke2 Qc2+ 34. Kf1 Qd1+ 35. Kf2 { Game drawn by mutual
agreement } 1/2-1/2